 Dungeon Crawl Stone Soup version 0.30-a0-241-g1121274140 (webtiles) character file.

Game seed: 13164811753300274274

27974 qw the Blocker (level 13, -4/80 HPs)
             Began as a Gargoyle Fighter on Oct 10, 2022.
             Was a High Priest of Okawaru.
             Killed by divine providence
             ... invoked by a meliai
              (14 damage)
             ... on level 4 of the Lair of Beasts.
             The game lasted 00:04:40 (11945 turns).

qw the Blocker (Gargoyle Fighter)                  Turns: 11945, Time: 00:04:40

Health: -4/80      AC: 36    Str: 27    XL:     13   Next: 35%
Magic:  20/20      EV:  8    Int: 11    God:    Okawaru [*****.]
Gold:   570        SH: 24    Dex:  9    Spells: 12/12 levels left

rFire   + . .      SeeInvis .    A - +2 broad axe (flame)
rCold   . . .      Faith    .    v - +0 tower shield
rNeg    + . .      Spirit   .    a - +0 plate armour
rPois   inf        Reflect  +    p - +2 helmet of Lifelessness {Fly Str+4}
rElec   +          Harm     .    x - +0 cloak
rCorr   .          Rampage  .    n - +2 pair of gloves
Will    .....                    i - +0 pair of boots
Stlth   ..........               j - amulet of reflection
HPRegen 0.33/turn                q - ring of protection from fire
MPRegen 0.17/turn                (no ring)

@: about to teleport, heroic, flying
A: sickness immunity, AC +9, negative energy resistance 1, electricity
resistance, torment resistance 1, petrification resistance
a: Renounce Religion, Heroism, Finesse, Duel


You were on level 4 of the Lair of Beasts.
You worshipped Okawaru.
Okawaru was extremely pleased with you.
You visited 2 branches of the dungeon, and saw 12 of its levels.

You collected 807 gold pieces.
You spent 237 gold pieces at shops.


Innate Abilities, Weirdness & Mutations

You are immune to sickness and miasma.
Your stone body is resilient. (AC +9)
You are immune to poison.
You resist negative energy. (rN+)
You are resistant to electric shocks. (rElec)
You are resistant to unholy torment.
You are immune to petrification.


   Skills:
 - Level 9.0(14.0) Fighting
 - Level 11.0(16.0) Axes
 - Level 4.0(9.0) Throwing
 - Level 8.5(13.5) Armour
 - Level 1.1(6.1) Dodging
 + Level 13.8(18.8) Shields
 - Level 10.0 Invocations


You had 12 spell levels left.
You didn't know any spells.
Your spell library was empty.

Inventory:

Hand Weapons
 A - a +2 broad axe of flaming (weapon)
Missiles
 c - a silver boomerang (quivered)
 o - 7 boomerangs
Armour
 a - a +0 plate armour (worn)
 i - a +0 pair of boots (worn)
 n - a +2 pair of gloves (worn)
 p - the +2 helmet of Lifelessness (worn) {Fly Str+4}
   (You found it on level 2 of the Lair of Beasts)

   Str:       It affects your strength (+4).
   Fly:       It grants you flight.
 t - the +1 pair of gloves of Rotation {rF+ rC- rN++ Int+3}
   (Okawaru gifted it to you on level 4 of the Lair of Beasts)

   Int:       It affects your intelligence (+3).
   rF:        It protects you from fire.
   rC:        It makes you vulnerable to cold.
   rN:        It greatly protects you from negative energy.
 v - a +0 tower shield (worn)
 x - a +0 cloak (worn)
Jewellery
 j - an amulet of reflection (around neck)
 q - a ring of protection from fire (left hand)
Scrolls
 m - 2 scrolls of identify
 r - a scroll of teleportation
Potions
 d - 2 potions of might
 e - a potion of haste
 f - 5 potions of heal wounds
 g - a potion of resistance {unknown}
 h - 2 potions of mutation
 k - 4 potions of magic
 l - 3 potions of curing
 s - 3 potions of lignification
 w - a potion of attraction

Dungeon Overview and Level Annotations

Branches:
Dungeon (8/15)             Temple (0/1) D:7            Lair (4/5) D:8
 Shoals (0/4) Lair:3        Snake (0/4) Lair:2
  Slime: Lair:4-5

Altars:
Cheibriados
Elyvilon
Kikubaaqudgha
Nemelex Xobeh
Okawaru
Sif Muna
Yredelemnul
The Shining One

Shops:
D:4 (

Annotations:
D:5 2 runed translucent doors
Lair:2 Fannar


Message History

The meliai is severely wounded.
You hit the killer bee. You burn the killer bee.
The meliai hits you but does no damage. You block the meliai's attack.
You block the killer bee's attack.
The killer bee stings you but does no damage. x2
The meliai hits you but does no damage. You block the meliai's attack.
A meliai comes into view. It is wielding a +0 hand axe.
You miss the meliai.
The meliai is severely wounded.
You completely miss the killer bee. x2
The killer bee barely misses you. You block the meliai's attack. x2
The killer bee stings you but does no damage. x2
You block the killer bee's attack. The meliai hits you with a +0 hand axe.
The meliai stings you but does no damage.
A killer bee comes into view.
You hit the meliai. You burn the meliai.
The meliai is almost dead.
You miss the killer bee. You slash the killer bee! You burn the killer bee.
You kill the killer bee!
Okawaru accepts your kill. You block the killer bee's attack.
The meliai barely misses you.
The meliai stings you but does no damage.
The meliai invokes the aid of its god against you.
Something smites you! The killer bee stings you.
11944 ||| READING 2 scrolls of teleportation.
As you read the scroll of teleportation, it crumbles to dust.
You feel strangely unstable.
The killer bee stings you but does no damage.
The meliai calls down the wrath of its god upon you.
Something smites you! You block the meliai's attack. x2
You block the killer bee's attack.
11945 ||| DRINKING 6 potions of heal wounds.
You feel much better. You block the killer bee's attack.
You block the meliai's attack.
The meliai barely misses you. x2; You block the meliai's attack.
The meliai mumbles some strange prayers to its god against you.
Something smites you! The killer bee barely misses you.
The meliai calls down the wrath of its god upon you.
Something smites you!
You die...

#.....##..####.###
##................
#................
#.....#.####..#..
##...##### #.####
##....# ###########
#....####.#.####..#
#.................
##@...%............
##yyy.#####P##.PP..#
#(.y..# ######..##
#..#### #..## ##.#
...... .%# .......
#..# #....... #(.#
........ ##(. ....


You could see 2 meliai and 2 killer bees.

Vanquished Creatures
  A catoblepas (Lair:4)
  2 hydras (Lair:2)
  A boulder beetle (Lair:4)
  A two-headed ogre (D:6)
  3 death yaks (D:8)
  Amaemon (Lair:2)
  2 merfolk sirens (Lair:3)
  10 cane toads
  6 black mambas
  An orange demon (Lair:2)
  A gargoyle (D:7)
  6 komodo dragons
  2 polar bears (Lair:2)
  Grinder (D:4)
  2 merfolk (Lair:3)
  A queen bee (Lair:4)
  11 blink frogs
  2 wyverns
  Eustachio (D:5)
  37 yaks
  Grum (D:8)
  A basilisk (Lair:4)
  10 water moccasins
  3 nagas (Lair:2)
  An orc warrior (D:6)
  2 sky beasts
  2 ice beasts
  An ogre (D:7)
  2 black bears
  2 centaurs
  12 wolves
  2 phantoms (D:5)
  14 bullfrogs
  5 scorpions
  10 killer bees (Lair:4)
  2 howler monkeys
  An electric eel (Lair:3)
  A lava snake (Lair:3)
  A jelly (D:5)
  3 hounds
  2 gnoll boudas (D:7)
  6 orc priests
  4 iguanas
  10 orc wizards
  8 adders
  11 gnolls
  2 shadow imps
  2 white imps (D:5)
  An ufetubus (D:5)
  A worm (D:5)
  4 dart slugs
  31 orcs
  4 bats
  5 endoplasms
  3 giant cockroaches
  6 goblins
  8 hobgoblins
  8 kobolds
  2 quokkas
  2 frilled lizards (D:3)
  4 rats
292 creatures vanquished.

Vanquished Creatures (others)
  16 fungi
  19 plants
35 creatures vanquished.

Grand Total: 327 creatures vanquished

Notes
Turn   | Place    | Note
-------+----------+-------------------------------------------
     0 | D:1      | qw the Gargoyle Fighter began the quest for the Orb.
     0 | D:1      | Reached XP level 1. HP: 14/14 MP: 1/1
     0 | D:1      | 0 ||| qw: Version: 0.2-a-17-g06abaee
     0 | D:1      | 0 ||| qw: Game counter: 2385
     0 | D:1      | 0 ||| qw: Always use a shield: true
     0 | D:1      | 0 ||| qw: God list: Okawaru
     0 | D:1      | 0 ||| qw: Allow faded altars: false
     0 | D:1      | 0 ||| qw: Do Orc after D:15 true
     0 | D:1      | 0 ||| qw: Do second Lair branch before Depths: true
     0 | D:1      | 0 ||| qw: Lair rune preference: random
     0 | D:1      | 0 ||| qw: Plans: Normal, Zot:1-4, God:TSO, Crypt, Tomb,
                  | Pan, Slime:5, Hells, Abyss, Orb
     0 | D:1      | 0 ||| PLANNING D:1-11
   223 | D:1      | Reached XP level 2. HP: 19/19 MP: 2/2
   726 | D:1      | 726 ||| UPGRADING to amulet of reflection.
   731 | D:1      | 731 ||| READING 2 scrolls labelled TOSIMY KUSA.
   732 | D:1      | 732 ||| READING scroll labelled NEUZEX ZODI.
   733 | D:1      | 733 ||| DRINKING 2 bubbling brown potions.
   734 | D:1      | 734 ||| DROPPING scroll of magic mapping.
   807 | D:2      | Reached skill level 3 in Axes
   807 | D:2      | Reached XP level 3. HP: 16/23 MP: 3/3
  1665 | D:2      | Found a faded altar of an unknown god.
  1704 | D:2      | 1704 ||| UPGRADING to +0 pair of boots.
  1709 | D:2      | 1709 ||| UPGRADING to +0 pair of gloves.
  1714 | D:2      | 1714 ||| UPGRADING to +1 helmet.
  1719 | D:2      | 1719 ||| DROPPING ring of flight.
  1720 | D:2      | 1720 ||| READING scroll labelled ELEYVE SAUDUO.
  1721 | D:2      | 1721 ||| READING 2 scrolls labelled LOARIA YBOJY.
  1722 | D:2      | 1722 ||| READING scroll labelled ULELUEP JUXE.
  1723 | D:2      | 1723 ||| READING scroll labelled CIRRUTZ QEANI.
  1724 | D:2      | 1724 ||| DRINKING 2 dark potions.
  1725 | D:2      | 1725 ||| DRINKING 3 cyan potions.
  1830 | D:2      | 1830 ||| DROPPING scroll of blinking.
  1831 | D:2      | 1831 ||| DROPPING potion of flight.
  1832 | D:2      | 1832 ||| DROPPING 2 potions of berserk rage.
  1849 | D:3      | 1849 ||| Stepping ~*~*~tactically~*~*~ (stealth).
  1871 | D:3      | Reached XP level 4. HP: 28/28 MP: 4/4
  2080 | D:3      | 2080 ||| Stepping ~*~*~tactically~*~*~ (stealth).
  2139 | D:3      | 2139 ||| DROPPING +0 club.
  2236 | D:3      | Identified the +6 falchion "Xuosi" {venom, Contam rF++}
  2300 | D:3      | Found a white marble altar of Elyvilon.
  2400 | D:3      | Found a basalt altar of Yredelemnul.
  2608 | D:3      | 2608 ||| DROPPING amulet of regeneration.
  2609 | D:3      | 2609 ||| READING scroll labelled HAUGIPR APPU.
  2610 | D:3      | 2610 ||| READING scroll labelled DEONLE PELU.
  2611 | D:3      | 2611 ||| DRINKING 2 brown potions.
  2612 | D:3      | 2612 ||| DRINKING 2 sapphire potions.
  2613 | D:3      | 2613 ||| DROPPING potion of brilliance.
  2768 | D:4      | 2768 ||| Stepping ~*~*~tactically~*~*~ (stealth).
  2770 | D:4      | 2770 ||| FLEEEEING.
  2771 | D:4      | 2771 ||| FLEEEEING.
  2772 | D:4      | 2772 ||| FLEEEEING.
  2775 | D:4      | 2775 ||| FLEEEEING.
  2782 | D:4      | 2782 ||| FLEEEEING.
  2789 | D:4      | 2789 ||| FLEEEEING.
  2791 | D:4      | 2791 ||| FLEEEEING.
  2792 | D:4      | 2792 ||| FLEEEEING.
  2796 | D:4      | Reached XP level 5. HP: 26/32 MP: 5/5
  2868 | D:4      | 2868 ||| Stepping ~*~*~tactically~*~*~ (stealth).
  2869 | D:4      | 2869 ||| Stepping ~*~*~tactically~*~*~ (stealth).
  3050 | D:4      | Found Lott's Weapon Emporium.
  3060 | D:4      | 3060 ||| BUYING +2 war axe of flaming (237 gold).
  3060 | D:4      | Bought a +2 war axe of flaming for 237 gold pieces
  3060 | D:4      | 3060 ||| DROPPING +0 mace.
  3102 | D:4      | Noticed Grinder
  3105 | D:4      | 3105 ||| Stepping ~*~*~tactically~*~*~ (stealth).
  3106 | D:4      | 3106 ||| Stepping ~*~*~tactically~*~*~ (stealth).
  3115 | D:4      | 3115 ||| Stepping ~*~*~tactically~*~*~ (hiding).
  3120 | D:4      | Killed Grinder
  3121 | D:4      | Reached XP level 6. HP: 36/41 MP: 6/6
  3207 | D:4      | 3207 ||| Stepping ~*~*~tactically~*~*~ (hiding).
  3412 | D:4      | 3412 ||| UPGRADING to +0 plate armour.
  3422 | D:4      | 3422 ||| DROPPING +0 scale mail.
  3423 | D:4      | 3423 ||| DRINKING 2 fizzy red potions.
  3424 | D:4      | 3424 ||| READING 2 scrolls of identify.
  3424 | D:4      | 3424 ||| IDENTIFYING amethyst potion
  3425 | D:4      | 3425 ||| DROPPING potion of magic.
  3451 | D:5      | Entered Level 5 of the Dungeon
  3452 | D:5      | 3452 ||| STAIRDANCE
  3459 | D:5      | Noticed Eustachio
  3460 | D:5      | 3460 ||| STAIRDANCE
  3465 | D:4      | Reached XP level 7. HP: 31/45 MP: 7/7
  3527 | D:5      | Killed Eustachio
  3528 | D:5      | Reached skill level 6 in Axes
  3591 | D:5      | 3591 ||| Stepping ~*~*~tactically~*~*~ (stealth).
  3663 | D:5      | Reached skill level 1 in Throwing
  3663 | D:5      | 3663 ||| FLEEEEING.
  3667 | D:5      | 3667 ||| FLEEEEING.
  3668 | D:5      | 3668 ||| FLEEEEING.
  3669 | D:5      | 3669 ||| FLEEEEING.
  3670 | D:5      | 3670 ||| FLEEEEING.
  3671 | D:5      | 3671 ||| FLEEEEING.
  3672 | D:5      | 3672 ||| FLEEEEING.
  3673 | D:5      | 3673 ||| FLEEEEING.
  3674 | D:5      | 3674 ||| FLEEEEING.
  3678 | D:5      | Reached XP level 8. HP: 49/51 MP: 8/8
  3701 | D:5      | Found a runed translucent door.
  3703 | D:5      | Found a runed translucent door.
  3778 | D:5      | 3778 ||| Stepping ~*~*~tactically~*~*~ (stealth).
  3781 | D:5      | 3781 ||| Stepping ~*~*~tactically~*~*~ (stealth).
  3782 | D:5      | 3782 ||| Stepping ~*~*~tactically~*~*~ (stealth).
  3852 | D:5      | Found an ancient bone altar of Kikubaaqudgha.
  3852 | D:5      | Found a glowing golden altar of the Shining One.
  4133 | D:5      | Found a snail-covered altar of Cheibriados.
  4143 | D:5      | Found an iron altar of Okawaru.
  4144 | D:5      | 4144 ||| PLANNING OKAWARU WORSHIP
  4144 | D:5      | 4144 ||| FLEEEEING.
  4147 | D:5      | 4147 ||| FLEEEEING.
  4148 | D:5      | 4148 ||| FLEEEEING.
  4149 | D:5      | 4149 ||| FLEEEEING.
  4150 | D:5      | 4150 ||| FLEEEEING.
  4151 | D:5      | 4151 ||| FLEEEEING.
  4152 | D:5      | 4152 ||| FLEEEEING.
  4154 | D:5      | 4154 ||| FLEEEEING.
  4155 | D:5      | 4155 ||| FLEEEEING.
  4156 | D:5      | 4156 ||| FLEEEEING.
  4157 | D:5      | 4157 ||| FLEEEEING.
  4158 | D:5      | 4158 ||| FLEEEEING.
  4163 | D:5      | 4163 ||| FLEEEEING.
  4164 | D:5      | 4164 ||| FLEEEEING.
  4165 | D:5      | 4165 ||| FLEEEEING.
  4166 | D:5      | 4166 ||| FLEEEEING.
  4167 | D:5      | 4167 ||| FLEEEEING.
  4168 | D:5      | 4168 ||| FLEEEEING.
  4169 | D:5      | 4169 ||| FLEEEEING.
  4170 | D:5      | 4170 ||| FLEEEEING.
  4171 | D:5      | 4171 ||| FLEEEEING.
  4172 | D:5      | 4172 ||| FLEEEEING.
  4173 | D:5      | 4173 ||| FLEEEEING.
  4174 | D:5      | 4174 ||| FLEEEEING.
  4175 | D:5      | 4175 ||| FLEEEEING.
  4176 | D:5      | 4176 ||| FLEEEEING.
  4177 | D:5      | 4177 ||| FLEEEEING.
  4179 | D:5      | 4179 ||| STAIRDANCE
  4181 | D:4      | 4181 ||| READING scroll labelled GENOM AKITUIKH.
  4182 | D:4      | 4182 ||| READING scroll labelled NOHEWEM XATTUI.
  4187 | D:4      | 4187 ||| READING scroll labelled JYUXTY JAXUI.
  4237 | D:5      | 4237 ||| STAIRDANCE
  4279 | D:5      | Became a worshipper of Warmaster Okawaru
  4280 | D:5      | 4280 ||| PLANNING D:1-11
  4498 | D:6      | Reached skill level 1 in Dodging
  4562 | D:6      | Noticed a two-headed ogre
  4568 | D:6      | Killed a two-headed ogre
  4568 | D:6      | Reached * piety under Okawaru
  4569 | D:6      | Reached XP level 9. HP: 48/55 MP: 9/9
  4640 | D:6      | 4640 ||| Stepping ~*~*~tactically~*~*~ (hiding).
  4644 | D:6      | 4644 ||| INVOKING Heroism.
  4646 | D:6      | 4646 ||| Stepping ~*~*~tactically~*~*~ (hiding).
  4652 | D:6      | Reached skill level 1 in Invocations
  4730 | D:6      | 4730 ||| Stepping ~*~*~tactically~*~*~ (hiding).
  4755 | D:6      | 4755 ||| Stepping ~*~*~tactically~*~*~ (stealth).
  4757 | D:6      | 4757 ||| Stepping ~*~*~tactically~*~*~ (stealth).
  4758 | D:6      | 4758 ||| INVOKING Heroism.
  4763 | D:6      | Reached skill level 6 in Fighting
  4770 | D:6      | 4770 ||| INVOKING Heroism.
  5263 | D:6      | Reached skill level 6 in Armour
  5263 | D:6      | Reached skill level 3 in Invocations
  5407 | D:6      | 5407 ||| UPGRADING to +0 cloak.
  5412 | D:6      | 5412 ||| DROPPING amulet of guardian spirit.
  5413 | D:6      | 5413 ||| READING scroll labelled DAUHYAB IZ ECH.
  5433 | D:7      | 5433 ||| STAIRDANCE
  5439 | D:7      | 5439 ||| STAIRDANCE
  5446 | D:7      | 5446 ||| INVOKING Heroism.
  5530 | D:7      | 5530 ||| INVOKING Heroism.
  5582 | D:7      | 5582 ||| INVOKING Heroism.
  5589 | D:7      | Reached skill level 9 in Axes
  5639 | D:7      | Found a sparkling altar of Nemelex Xobeh.
  5650 | D:7      | Found a staircase to the Ecumenical Temple.
  5651 | D:7      | 5651 ||| INVOKING Heroism.
  5656 | D:7      | Reached skill level 3 in Throwing
  5809 | D:7      | 5809 ||| INVOKING Heroism.
  5813 | D:7      | Reached skill level 4 in Shields
  6146 | D:7      | 6146 ||| INVOKING Heroism.
  6251 | D:7      | Noticed a gargoyle
  6252 | D:7      | 6252 ||| Stepping ~*~*~tactically~*~*~ (hiding).
  6257 | D:7      | 6257 ||| INVOKING Heroism.
  6259 | D:7      | Killed a gargoyle
  6259 | D:7      | Reached ** piety under Okawaru
  6260 | D:7      | Reached XP level 10. HP: 43/63 MP: 10/13
  6569 | D:7      | 6569 ||| READING scroll labelled XUMINEDOTS.
  6570 | D:7      | 6570 ||| READING 3 scrolls of identify.
  6570 | D:7      | 6570 ||| IDENTIFYING fuming pink potion
  6571 | D:7      | 6571 ||| READING 2 scrolls of identify.
  6571 | D:7      | 6571 ||| IDENTIFYING fizzy emerald potion
  6572 | D:7      | 6572 ||| DROPPING potion of ambrosia.
  6605 | D:8      | 6605 ||| Stepping ~*~*~tactically~*~*~ (stealth).
  6607 | D:8      | 6607 ||| Stepping ~*~*~tactically~*~*~ (stealth).
  6610 | D:8      | 6610 ||| INVOKING Heroism.
  6616 | D:8      | Noticed Grum
  6622 | D:8      | 6622 ||| INVOKING Heroism.
  6631 | D:8      | Killed Grum
  6776 | D:8      | Found a shimmering blue altar of Sif Muna.
  6795 | D:8      | Noticed a death yak
  6796 | D:8      | 6796 ||| INVOKING Heroism.
  6803 | D:8      | Killed a death yak
  6807 | D:8      | Noticed a death yak
  6815 | D:8      | Noticed a death yak
  6819 | D:8      | 6819 ||| INVOKING Heroism.
  6822 | D:8      | Killed a death yak
  6822 | D:8      | Reached *** piety under Okawaru
  6828 | D:8      | Killed a death yak
  6829 | D:8      | Reached skill level 5 in Shields
  6962 | D:8      | Found a staircase to the Lair.
  7236 | D:8      | 7236 ||| Stepping ~*~*~tactically~*~*~ (hiding).
  7534 | D:8      | 7534 ||| PLANNING LAIR
  7534 | D:8      | 7534 ||| UPGRADING to +0 tower shield.
  7544 | D:8      | 7544 ||| DROPPING +0 buckler.
  7559 | Lair:1   | Entered Level 1 of the Lair of Beasts
  7559 | Lair:1   | Noticed a black mamba
  7560 | Lair:1   | 7560 ||| INVOKING Heroism.
  7563 | Lair:1   | Reached skill level 6 in Shields
  7567 | Lair:1   | Reached XP level 11. HP: 65/68 MP: 12/14
  7570 | Lair:1   | Reached skill level 7 in Shields
  7576 | Lair:1   | Reached **** piety under Okawaru
  7576 | Lair:1   | Received a gift from Okawaru
  7627 | Lair:1   | 7627 ||| INVOKING Heroism.
  7635 | Lair:1   | Reached skill level 8 in Shields
  7668 | Lair:1   | 7668 ||| INVOKING Heroism.
  7811 | Lair:1   | 7811 ||| INVOKING Heroism.
  7907 | Lair:1   | 7907 ||| INVOKING Heroism.
  7914 | Lair:1   | Reached skill level 9 in Shields
  7916 | Lair:1   | Received a gift from Okawaru
  8089 | Lair:1   | 8089 ||| INVOKING Heroism.
  8508 | Lair:1   | 8508 ||| DRINKING 2 emerald potions.
  8509 | Lair:1   | 8509 ||| READING 3 scrolls of identify.
  8509 | Lair:1   | 8509 ||| IDENTIFYING purple potion
  8510 | Lair:1   | 8510 ||| READING 2 scrolls of identify.
  8510 | Lair:1   | 8510 ||| IDENTIFYING red potion
  8511 | Lair:1   | 8511 ||| DROPPING potion of degeneration.
  8536 | Lair:2   | 8536 ||| INVOKING Heroism.
  8581 | Lair:2   | Noticed a seven-headed hydra
  8582 | Lair:2   | 8582 ||| INVOKING Heroism.
  8585 | Lair:2   | 8585 ||| SWAPPING to +2 war axe of flaming.
  8590 | Lair:2   | Killed a six-headed hydra
  8591 | Lair:2   | Reached skill level 10 in Shields
  8591 | Lair:2   | Reached skill level 6 in Invocations
  8591 | Lair:2   | 8591 ||| SWAPPING to +0 spectral war axe.
  8651 | Lair:2   | Found a staircase to the Snake Pit.
  8660 | Lair:2   | Reached ***** piety under Okawaru
  8734 | Lair:2   | Identified the +2 helmet of Lifelessness {Fly Str+4}
  8749 | Lair:2   | 8749 ||| INVOKING Heroism.
  8750 | Lair:2   | Noticed Amaemon
  8751 | Lair:2   | 8751 ||| Stepping ~*~*~tactically~*~*~ (water).
  8755 | Lair:2   | 8755 ||| Stepping ~*~*~tactically~*~*~ (water).
  8767 | Lair:2   | Reached XP level 12. HP: 34/73 MP: 15/17
  8768 | Lair:2   | Killed Amaemon
  8768 | Lair:2   | Received a gift from Okawaru
  8769 | Lair:2   | Reached skill level 11 in Shields
  8896 | Lair:2   | 8896 ||| SWAPPING to +2 broad axe of electrocution.
  8897 | Lair:2   | 8897 ||| DROPPING +0 spectral war axe.
  8898 | Lair:2   | 8898 ||| READING scroll of brand weapon.
  8898 | Lair:2   | 8898 ||| BRANDING +2 broad axe of electrocution.
  8899 | Lair:2   | 8899 ||| DROPPING +2 war axe of flaming.
  8924 | Lair:2   | 8924 ||| INVOKING Heroism.
  8966 | Lair:2   | 8966 ||| INVOKING Heroism.
  8968 | Lair:2   | 8968 ||| Stepping ~*~*~tactically~*~*~ (stealth).
  8969 | Lair:2   | 8969 ||| Stepping ~*~*~tactically~*~*~ (stealth).
  9010 | Lair:2   | 9010 ||| INVOKING Heroism.
  9094 | Lair:2   | 9094 ||| Stepping ~*~*~tactically~*~*~ (stealth).
  9095 | Lair:2   | 9095 ||| INVOKING Heroism.
  9139 | Lair:2   | 9139 ||| INVOKING Heroism.
  9142 | Lair:2   | Noticed Fannar
  9161 | Lair:2   | HP: 12/73 [Fannar/staff of cold (14)]
  9162 | Lair:2   | 9162 ||| READING scroll of teleportation.
  9163 | Lair:2   | 9163 ||| DRINKING 6 potions of heal wounds.
  9165 | Lair:2   | 9165 ||| INVOKING Heroism.
  9175 | Lair:2   | 9175 ||| Stepping ~*~*~tactically~*~*~ (stealth).
  9313 | Lair:2   | 9313 ||| INVOKING Heroism.
  9316 | Lair:2   | Reached skill level 9 in Invocations
  9321 | Lair:2   | Reached skill level 12 in Shields
  9390 | Lair:2   | Noticed a six-headed hydra
  9391 | Lair:2   | 9391 ||| INVOKING Heroism.
  9402 | Lair:2   | Killed a one-headed hydra
  9593 | Lair:2   | 9593 ||| INVOKING Heroism.
  9845 | Lair:2   | 9845 ||| INVOKING Heroism.
 10035 | Lair:2   | 10035 ||| UPGRADING to +2 helmet of Lifelessness {Fly
                  | Str+4}.
 10045 | Lair:2   | 10045 ||| DROPPING +1 helmet.
 10046 | Lair:2   | 10046 ||| UPGRADING to ring of protection from fire.
 10119 | Lair:3   | 10119 ||| INVOKING Heroism.
 10244 | Lair:3   | 10244 ||| INVOKING Heroism.
 10246 | Lair:3   | 10246 ||| Stepping ~*~*~tactically~*~*~ (stealth).
 10282 | Lair:3   | 10282 ||| Stepping ~*~*~tactically~*~*~ (stealth).
 10285 | Lair:3   | 10285 ||| INVOKING Heroism.
 10287 | Lair:3   | Reached skill level 13 in Shields
 10404 | Lair:3   | 10404 ||| Stepping ~*~*~tactically~*~*~ (stealth).
 10501 | Lair:3   | 10501 ||| INVOKING Heroism.
 10587 | Lair:3   | 10587 ||| READING scroll of enchant armour.
 10587 | Lair:3   | 10587 ||| ENCHANTING +0 pair of gloves.
 10595 | Lair:3   | 10595 ||| Stepping ~*~*~tactically~*~*~ (hiding).
 10596 | Lair:3   | Found a staircase to the Shoals.
 10597 | Lair:3   | 10597 ||| INVOKING Heroism.
 10617 | Lair:3   | Reached XP level 13. HP: 59/78 MP: 20/20
 11212 | Lair:3   | 11212 ||| DROPPING amulet of magic regeneration.
 11213 | Lair:3   | 11213 ||| READING 2 scrolls of identify.
 11213 | Lair:3   | 11213 ||| IDENTIFYING golden potion
 11214 | Lair:3   | 11214 ||| DROPPING potion of invisibility.
 11300 | Lair:4   | 11300 ||| INVOKING Heroism.
 11301 | Lair:4   | 11301 ||| INVOKING Finesse.
 11327 | Lair:4   | Received a gift from Okawaru
 11496 | Lair:4   | 11496 ||| INVOKING Heroism.
 11497 | Lair:4   | 11497 ||| INVOKING Finesse.
 11514 | Lair:4   | 11514 ||| Stepping ~*~*~tactically~*~*~ (stealth).
 11712 | Lair:4   | 11712 ||| Stepping ~*~*~tactically~*~*~ (stealth).
 11713 | Lair:4   | 11713 ||| INVOKING Heroism.
 11740 | Lair:4   | 11740 ||| Stepping ~*~*~tactically~*~*~ (stealth).
 11741 | Lair:4   | 11741 ||| Stepping ~*~*~tactically~*~*~ (stealth).
 11743 | Lair:4   | 11743 ||| Stepping ~*~*~tactically~*~*~ (stealth).
 11782 | Lair:4   | 11782 ||| INVOKING Heroism.
 11850 | Lair:4   | 11850 ||| READING scroll of enchant armour.
 11850 | Lair:4   | 11850 ||| ENCHANTING +1 pair of gloves.
 11863 | Lair:4   | Identified the +1 pair of gloves of Rotation {rF+ rC- rN++
                  | Int+3} (Okawaru gifted it to you on level 4 of the Lair of
                  | Beasts)
 11863 | Lair:4   | Received a gift from Okawaru
 11869 | Lair:4   | 11869 ||| Stepping ~*~*~tactically~*~*~ (stealth).
 11870 | Lair:4   | 11870 ||| Stepping ~*~*~tactically~*~*~ (stealth).
 11875 | Lair:4   | 11875 ||| INVOKING Heroism.
 11878 | Lair:4   | Reached skill level 9 in Fighting
 11916 | Lair:4   | 11916 ||| Stepping ~*~*~tactically~*~*~ (stealth).
 11923 | Lair:4   | 11923 ||| Stepping ~*~*~tactically~*~*~ (stealth).
 11932 | Lair:4   | 11932 ||| Stepping ~*~*~tactically~*~*~ (hiding).
 11933 | Lair:4   | 11933 ||| INVOKING Heroism.
 11943 | Lair:4   | HP: 16/80 [meliai/divine providence (10)]
 11944 | Lair:4   | 11944 ||| READING 2 scrolls of teleportation.
 11944 | Lair:4   | HP: 1/80 [meliai/divine providence (12)]
 11945 | Lair:4   | 11945 ||| DRINKING 6 potions of heal wounds.
 11945 | Lair:4   | Killed from afar by a meliai

Levels and vault maps discovered:
D:1:      ebering_hopf_link, layout_loops_ring, amcnicky_mini_corridor_feature
D:2:      layout_basic, dilly_ecumenical_altar_fadedgnrine
D:3:      layout_basic, kennysheep_ying_yang
D:4:      layout_loops_ring, serial_shops, nicolae_square_shop,
          serial_park_tiny_pond, uniq_grinder
D:5:      lemuel_insect_pit, layout_rooms, grunt_temple_overflow_cloverleaf,
          uniq_eustachio
D:6:      layout_basic, nicolae_figureground_pulse
D:7:      layout_basic, mainiacjoe_overflow_24_doors, temple_green
D:8:      layout_basic, led_sif_pool, dpeg_lair_monsters, nicolae_two_hexagons,
          uniq_grum
Lair:1:   layout_hall_layers, patterned_corridor
Lair:2:   layout_chaotic_city, guppyfry_snake_entry_garden, ldierk_geyser,
          serial_bayou_shore_b, grunt_megastairs_2, uniq_amaemon, uniq_fannar
Lair:3:   layout_gridlike, elwin_shoals_entry_stream, lemuel_fruit_fields
Lair:4:   layout_long_grid, special_room [special_room_bee], grunt_megastairs_3,
          infiniplex_staircase_pool_2

Skill      XL: |  1  2  3  4  5  6  7  8  9 10 11 12 13 |
---------------+----------------------------------------+-----
Axes           | 2 3 4 5 6 8 9 10 11 | 11.0
Fighting       | 5 7 8 9 |  9.0
Armour         | 4 5 6 8 |  8.5
Throwing       | 2 3 4 |  4.0
Dodging        | 1 |  1.1
Invocations    | 4 7 10 | 10.0
Shields        | 4 6 10 13 | 13.8

Action                   |  1- 3 |  4- 6 |  7- 9 | 10-12 | 13-15 || total
-------------------------+-------+-------+-------+-------+-------++-------
Melee: War axe           |    94 |    73 |   170 |   138 |       ||   475
       Broad axe         |       |       |       |   204 |   129 ||   333
Throw: Boomerang         |    14 |    25 |     7 |    18 |    15 ||    79
       Javelin           |       |       |    31 |    47 |    31 ||   109
Invok: Heroism           |       |       |    10 |    28 |     6 ||    44
       Finesse           |       |       |       |       |     2 ||     2
  Use: Scroll            |     6 |     3 |     4 |     8 |     3 ||    24
       Potion            |     3 |     3 |       |     2 |     1 ||     9
 Stab: Distracted        |       |       |       |     1 |       ||     1
Armor: Scale mail        |    47 |    42 |       |       |       ||    89
       Plate armour      |       |     9 |    92 |   150 |    50 ||   301
       Skin              |       |       |     1 |       |       ||     1
Dodge: Dodged            |    33 |    15 |    27 |    46 |    19 ||   140
Block: Buckler           |    30 |    22 |    58 |    21 |       ||   131
       Reflection        |       |     1 |     3 |     6 |       ||    10
       Tower shield      |       |       |       |   339 |   120 ||   459

Table legend:
 A = Non-vault XP
 B = Vault XP
 C = Vault XP percentage of total XP
 D = Non-vault monster count
 E = Vault monster count
 F = Vault count percentage of total count
                 A         B        C        D         E       F
            +---------+---------+-------+---------+---------+-------
      Total |   30696 |    9268 |  23.2 |     257 |      35 |  12.0
            +---------+---------+-------+---------+---------+-------
        D:1 |      23 |       0 |   0.0 |      12 |       0 |   0.0
        D:2 |      47 |       0 |   0.0 |      13 |       0 |   0.0
        D:3 |      44 |       0 |   0.0 |      18 |       0 |   0.0
        D:4 |     231 |     309 |  57.2 |      20 |       1 |   4.8
        D:5 |     816 |     203 |  19.9 |      21 |       1 |   4.5
        D:6 |    1664 |       0 |   0.0 |      27 |       0 |   0.0
        D:7 |    1390 |       0 |   0.0 |      25 |       0 |   0.0
        D:8 |     673 |    3700 |  84.6 |      15 |      10 |  40.0
     Lair:1 |    5086 |       0 |   0.0 |      24 |       0 |   0.0
     Lair:2 |   10830 |    1770 |  14.0 |      39 |       6 |  13.3
     Lair:3 |    5946 |    1451 |  19.6 |      28 |       4 |  12.5
     Lair:4 |    3946 |    1835 |  31.7 |      15 |      13 |  46.4
            +---------+---------+-------+---------+---------+-------
